 Dungeon Crawl Stone Soup version 0.25-a0-94-g9e23508adf (webtiles) character file.

Game seed: 16967087943445690927, levelgen mode: deterministic

471 Gargoyl the Skirmisher (level 6, 0/52 HPs)
             Began as a Centaur Abyssal Knight on Nov 11, 2019.
             Was a Priest of Lugonu.
             Slain by Pikel
             ... wielding a +2 whip of electrocution
              (20 damage)
             ... on level 4 of the Dungeon.
             The game lasted 00:05:53 (3045 turns).

Gargoyl the Skirmisher (Centaur Abyssal Knight)     Turns: 3045, Time: 00:05:54

Health: 0/52       AC:  9    Str: 20      XL:     6   Next: 83%
Magic:  8/8        EV:  4    Int: 10 (11) God:    Lugonu [***...]
Gold:   169        SH:  0    Dex: 10      Spells: 5/5 levels left

rFire    . . .     SeeInvis .   a - +1 hand axe
rCold    . . .     Gourm    .   (no shield)
rNeg     . . .     Faith    .   m - +0 plate armour
rPois    .         Spirit   .   (no helmet)
rElec    .         Reflect  .   (no cloak)
rCorr    .         Harm     .   (no gloves)
MR       .....                  (no barding)
Stlth    ..........             k - amulet of regeneration
HPRegen  0.57/turn              (no ring)
MPRegen  0.11/turn              (no ring)

@: mighty, very quick
A: large, hooves 3, deformed body, speed 2, tough skin 3
a: Depart the Abyss, Bend Space, Banish, Renounce Religion


You were on level 4 of the Dungeon.
You worshipped Lugonu.
Lugonu was most pleased with you.
You were hungry.

You visited 1 branch of the dungeon, and saw 4 of its levels.
You visited the Abyss 1 time.

You collected 169 gold pieces.

Inventory:

Hand Weapons
 a - a +1 hand axe (weapon)
Missiles
 g - 10 boomerangs (quivered)
Armour
 m - a +0 plate armour (worn)
Jewellery
 k - an amulet of regeneration (around neck)
 n - an uncursed ring of see invisible
Scrolls
 f - a scroll of teleportation
 j - 2 scrolls of identify
 l - a scroll of remove curse
Potions
 b - 3 potions of haste
 h - 3 potions of flight
Comestibles
 c - 5 rations


   Skills:
 + Level 4.0 Fighting
 + Level 3.5 Axes
 * Level 3.4 Armour
 * Level 1.9 Dodging
 * Level 3.5 Invocations


You had 5 spell levels left.
You didn't know any spells.
Your spell library was empty.

Dungeon Overview and Level Annotations

Branches:
Dungeon (4/15)
 Temple: D:4-7

Altars:

Annotations:
D:4 Pikel


Innate Abilities, Weirdness & Mutations

You have hooves in place of feet.
Armour fits poorly on your strangely shaped body.
You cover ground very quickly.
You have extremely tough skin. (AC +3)


Message History

* * * LOW HITPOINT WARNING * * *
The slave hits you.
* * * LOW HITPOINT WARNING * * *
The slave hits you but does no damage.
Pikel hits you with a +2 whip of electrocution.
* * * LOW HITPOINT WARNING * * *
You feel much better. The slave barely misses you.
The slave hits you but does no damage. Pikel hits you but does no damage.
You are feeling hungry.
You hit Pikel. You kick Pikel.
Pikel is almost dead.
You hit the slave but do no damage. You slash the slave!
You kill the slave!
That felt strangely unrewarding.
The slave hits you but does no damage.
Pikel hits you with a +2 whip of electrocution!
You barely miss Pikel. Your kick misses Pikel.
Pikel is almost dead.
You closely miss the slave. The slave barely misses you.
Pikel hits you but does no damage.
You are electrocuted!!
You die...

#.# #..# #.#
#..# #p# #..#
#.# ##..# #.#
#.... #.# #.###
#.# #.#
#.###<#######.#
#..K@p........#
#####.#######..
#.........
##########


You could see Pikel and a slave.

Vanquished Creatures
  An orc warrior (D:3)
  3 slaves
  An ogre (D:3)
  A hound (D:4)
  2 orc priests (D:3)
  An orc wizard (D:3)
  3 gnolls (D:3)
  5 adders
  3 worms
  5 dart slugs
  11 orcs (D:3)
  5 bats
  3 giant cockroaches
  13 goblins
  10 hobgoblins
  2 jackals (D:3)
  2 quokkas (D:3)
  2 ball pythons (D:3)
  5 frilled lizards
  8 kobolds
  8 rats
94 creatures vanquished.

Notes
Turn   | Place    | Note
-------+----------+-------------------------------------------
     0 | Abyss:1  | Gargoyl the Centaur Abyssal Knight began the quest for the
                  | Orb.
     0 | Abyss:1  | Reached XP level 1. HP: 19/19 MP: 2/2
    20 | Abyss:1  | Found a corrupted altar of Lugonu.
    79 | Abyss:1  | Found a shimmering blue altar of Sif Muna.
    84 | Abyss:1  | Found a corrupted altar of Lugonu.
   136 | Abyss:1  | Found a corrupted altar of Lugonu.
   156 | Abyss:1  | Noticed an insubstantial wisp
   219 | Abyss:2  | Noticed a small abomination
   227 | Abyss:2  | Noticed an apocalypse crab
   227 | Abyss:2  | Noticed a small abomination
   232 | Abyss:2  | Noticed a lich
   234 | D:1      | Escaped the Abyss
   538 | D:1      | Reached XP level 2. HP: 26/26 MP: 3/3
   698 | D:1      | Reached * piety under Lugonu
  1030 | D:2      | Reached XP level 3. HP: 31/31 MP: 4/4
  1052 | D:2      | Reached skill level 1 in Dodging
  1806 | D:2      | Reached XP level 4. HP: 29/39 MP: 5/5
  2159 | D:3      | Reached ** piety under Lugonu
  2195 | D:3      | Noticed an orc warrior
  2207 | D:3      | Reached XP level 5. HP: 45/46 MP: 7/7
  2261 | D:3      | Killed an orc warrior
  2319 | D:3      | Reached XP level 6. HP: 29/52 MP: 8/8
  2920 | D:4      | Noticed Pikel
  2920 | D:4      | Noticed a slave
  2920 | D:4      | Noticed a slave
  2958 | D:4      | Noticed a slave
  2961 | D:4      | Noticed a slave
  2982 | D:3      | Killed a slave
  3024 | D:3      | Killed a slave
  3027 | D:3      | Reached *** piety under Lugonu
  3027 | D:3      | Reached skill level 4 in Fighting
  3044 | D:4      | Killed a slave
  3045 | D:4      | Slain by Pikel

Levels and vault maps discovered:
D:1:      sevenhm_arrival_forest_fort_large_2, layout_loops_cross
D:2:      layout_loops_corners, corexii_leaking_fountain
D:3:      layout_basic, kennysheep_generic_room_16
D:4:      layout_loops_ring, first_ration, kennysheep_donut, st_stairs_12,
          uniq_pikel

Skill      XL: |  1  2  3  4  5  6 |
---------------+-------------------+-----
Axes           | 2 3 |  3.5
Dodging        | 1 |  1.9
Armour         | 2 3 |  3.4
Invocations    | 3 |  3.5
Fighting       | 4 |  4.0

Action                   |  1- 3 |  4- 6 || total
-------------------------+-------+-------++-------
Melee: Hand axe          |   137 |   208 ||   345
       Kick              |    17 |    36 ||    53
Throw: Boomerang         |       |     1 ||     1
Invok: Depart the Abyss  |     1 |       ||     1
       Bend Space        |       |     1 ||     1
  Use: Potion            |     2 |     7 ||     9
       Scroll            |     4 |     2 ||     6
  Eat: Chunk             |     1 |     4 ||     5
Armor: Chain mail        |    92 |    61 ||   153
       Plate armour      |       |   106 ||   106
Dodge: Dodged            |    37 |    48 ||    85

Table legend:
 A = Non-vault XP
 B = Vault XP
 C = Vault XP percentage of total XP
 D = Non-vault monster count
 E = Vault monster count
 F = Vault count percentage of total count
                 A         B        C        D         E       F
            +---------+---------+-------+---------+---------+-------
      Total |     668 |       6 |   0.9 |      87 |       4 |   4.4
            +---------+---------+-------+---------+---------+-------
        D:1 |      35 |       0 |   0.0 |      18 |       0 |   0.0
        D:2 |      75 |       0 |   0.0 |      26 |       0 |   0.0
        D:3 |     514 |       6 |   1.2 |      41 |       4 |   8.9
        D:4 |      44 |       0 |   0.0 |       2 |       0 |   0.0
            +---------+---------+-------+---------+---------+-------
